 Dungeon Crawl Stone Soup version 0.13-b1-32-g21a608e (webtiles) character file.

167 Lilouch the Skirmisher (level 4, -1/36 HPs)
             Began as a Mummy Fighter on Oct 6, 2013.
             Slain by a gnoll
             ... wielding a +3,+0 spear
              (5 damage)
             ... on Level 2 of the Dungeon.
             The game lasted 00:10:34 (5783 turns).

Lilouch the Skirmisher (Mummy Fighter)              Turns: 5783, Time: 00:10:35

HP  -1/36        AC  6     Str 20      XL: 4   Next: 56%
MP   3/3         EV  6     Int  7      God:
Gold 60          SH 18     Dex 11      Spells:  0 memorised,  3 levels left

Res.Fire  : x . .   See Invis. : .   a - +0 hand axe {=f}
Res.Cold  : + . .   Warding    : .   b - +0 scale mail
Life Prot.: + + +   Conserve   : .   c - +0 shield
Res.Poison: +       Res.Corr.  : .   (no helmet)
Res.Elec. : .       Clarity    : .   (no cloak)
Sust.Abil.: . .     Spirit.Shd : .   (no gloves)
Res.Mut.  : .       Stasis     : .   (no boots)
Res.Rott. : +       Flight     : .   (no amulet)
Saprovore : . . .                    (no ring)
                                     (no ring)

@: slightly resistant to hostile enchantments, extremely unstealthy
A: no food or potions, fire vulnerability, restore body, cold resistance 1, life
protection 3, poison resistance, torment resistance, unbreathing
a: no special abilities


You were on level 2 of the Dungeon.
You were not hungry.

You visited 1 branch of the dungeon, and saw 2 of its levels.

You collected 40 gold pieces.

Inventory:

Hand weapons
 a - a +0,+0 hand axe (weapon) {=f}
 d - a +2,+2 dagger of speed (quivered)
 m - a +0,+0 whip
 s - a cursed -1,-1 elven short sword
Missiles
 h - 8 darts
Armour
 b - a +0 scale mail (worn)
 c - a +0 shield (worn)
Comestibles
 j - a meat ration
 k - a bread ration
Scrolls
 e - 3 scrolls of remove curse {unknown}
 f - a scroll of recharging {unknown}
 i - 2 scrolls of curse armour {unknown}
 l - 3 scrolls of fog {unknown}
 o - a scroll of teleportation {unknown}
 q - a scroll of identify {unknown}
Jewellery
 p - an uncursed amulet of rage {unknown}
 r - an uncursed amulet of resist corrosion {unknown}
Potions
 g - a potion of agility {unknown}
 n - a potion of curing {unknown}


   Skills:
 + Level 3.5 Fighting
 * Level 2.7 Axes
 + Level 2.8 Armour
 - Level 0.5 Dodging
 - Level 0.1 Stealth
 + Level 2.9 Shields


You had 3 spell levels left.
You didn't know any spells.

Dungeon Overview and Level Annotations

Branches:
Dungeon (2/27)

Altars:
Kikubaaqudgha


Innate Abilities, Weirdness & Mutations

You do not eat or drink.
Your flesh is vulnerable to fire.
Your flesh is cold resistant.
You are immune to negative energy.
Your system is resistant to poisons.
You are immune to unholy pain and torment.
You can survive without breathing.


Message History

The gnoll barely misses you. You block the gnoll's attack.
You hit the gnoll.
The gnoll is almost dead.
The gnoll hits you with a flail! You block the gnoll's attack.
You hit the gnoll.
You kill the gnoll!
The gnoll hits you from afar with a glowing spear.
* * * LOW HITPOINT WARNING * * *
The gnoll hits you but does no damage.
You barely miss the gnoll. You block the gnoll's attack.
You slash the gnoll!
The gnoll is severely wounded.
The gnoll hits you with a glowing spear.
* * * LOW HITPOINT WARNING * * *
You barely miss the gnoll.
The gnoll is severely wounded.
The gnoll hits you with a glowing spear.
* * * LOW HITPOINT WARNING * * *
The gnoll hits you with a glowing spear.
You die...

...... .# #..#... .#
..... .####
#..####....#
#..........#
#.......## .###
#...#....# # .....
#...#.#..#.#
...#...#...#@.....#
#.......)..g..)...#
##.#...........#..#
....................
#.#####.#####.######
. .... ..# ###.# .##
..# .# #.# .#


You could see a gnoll.

Vanquished Creatures
  Ijyb (D:2)
  3 gnolls
  2 worms (D:1)
  A giant gecko (D:1)
  6 bats (D:1)
  A giant cockroach (D:1)
  7 hobgoblins (D:1)
  6 jackals (D:1)
  A giant newt (D:1)
  7 goblins
  8 kobolds
  5 rats
  A plant (D:1)
49 creatures vanquished.

Vanquished Creatures (others)
  A kobold (D:2)
1 creature vanquished.

Grand Total: 50 creatures vanquished

Notes
Turn   | Place    | Note
--------------------------------------------------------------
     0 | D:1      | Lilouch, the Mummy Fighter, began the quest for the Orb.
     0 | D:1      | Reached XP level 1. HP: 18/18 MP: 0/0
   432 | D:1      | Reached XP level 2. HP: 24/24 MP: 1/1
   993 | D:2      | Found an ancient bone altar of Kikubaaqudgha.
   995 | D:2      | Noticed Ijyb
  1037 | D:2      | Killed Ijyb
  1037 | D:2      | Reached XP level 3. HP: 16/30 MP: 2/2
  4753 | D:1      | Reached XP level 4. HP: 27/36 MP: 3/3
  5783 | D:2      | Slain by a gnoll

Action                   |  1- 3 |  4- 6 || total
-------------------------+-------+-------++-------
Melee: Hand axe          |   300 |    58 ||   358
